 Dungeon Crawl Stone Soup version 0.21.0-3-g78d12a8 (webtiles) character file.

585 Inarius the Chiller (level 7, 0/78 HPs)
             Began as a Black Draconian Ice Elementalist on Jan 15, 2018.
             Was a Follower of Nemelex Xobeh.
             Succumbed to a killer bee's poison
             ... on level 4 of the Dungeon.
             The game lasted 00:13:01 (4552 turns).

Inarius the Chiller (DrIE)                          Turns: 4552, Time: 00:13:02

Health: 0/78       AC:  6    Str: 16 (18) XL:     7   Next: 15%
Magic:  12/12      EV: 13    Int: 17 (20) God:    Nemelex Xobeh [*.....]
Gold:   212        SH:  0    Dex: 14 (16) Spells: 4/12 levels left

rFire    . . .     SeeInvis .   A - +6 short sword "Duppick" {freeze, Str+3}
rCold    . . .     Gourm    .   (no shield)
rNeg     . . .     Faith    .   (armour unavailable)
rPois    .         Spirit   .   (helmet restricted)
rElec    +         Reflect  .   (no cloak)
rCorr    .         Harm     .   (no gloves)
MR       .....                  (no boots)
Stlth    ..........             (no amulet)
HPRegen  0.23/turn              i - ring of wizardry
MPRegen  0.13/turn              w - +5 ring of dexterity

@: berserking, lethally poisoned (0 -> -19), hasted, very quick
A: breathe lightning, unfitting armour, clever 1, electricity resistance,
cold-blooded, AC +6
a: Breathe Lightning, Renounce Religion


You were on level 4 of the Dungeon.
You worshipped Nemelex Xobeh.
Nemelex Xobeh was aware of your devotion.
You were not hungry.

You visited 1 branch of the dungeon, and saw 5 of its levels.

You collected 212 gold pieces.

Inventory:

Hand Weapons
 l - a +2 whip of electrocution
 A - the +6 short sword "Duppick" (weapon) {freeze, Str+3}
   (You found it on level 4 of the Dungeon)

   It has been specially enchanted to freeze those struck by it, causing extra
   injury to most foes and up to half again as much damage against particularly
   susceptible opponents.
   It can also slow down cold-blooded creatures.
   It affects your strength (+3).
Missiles
 p - 7 javelins (quivered)
Armour
 x - a +0 buckler
Magical Staves
 s - an uncursed staff of fire
Jewellery
 i - a ring of wizardry (left hand)
 w - a +5 ring of dexterity (right hand)
Wands
 t - a wand of iceblast (7)
Scrolls
 f - a scroll of teleportation
 g - a scroll of random uselessness {unknown}
 k - a scroll of remove curse
 n - a scroll of identify
 r - 2 scrolls of enchant armour {unknown}
Potions
 c - 2 potions of mutation
 d - a potion of flight {unknown}
 h - a potion of brilliance {unknown}
 u - a potion of degeneration
 v - a potion of might
 z - a potion of cancellation {unknown}
Books
 a - a book of Frost

   Spells                             Type                      Level
   a - Freeze                         Ice                          1
   b - Throw Frost                    Conjuration/Ice              2
   c - Ozocubu's Armour               Charms/Ice                   3
   d - Throw Icicle                   Conjuration/Ice              4
   e - Summon Ice Beast               Ice/Summoning                4
Miscellaneous
 e - an ornate deck of summoning {drawn: 1}
 y - a plain deck of summoning
Comestibles
 b - 6 rations


   Skills:
 + Level 1.0 Fighting
 - Level 0.4 Short Blades
 + Level 2.7 Dodging
 - Level 1.7 Stealth
 + Level 3.4 Spellcasting
 * Level 1.7 Conjurations
 + Level 1.1 Charms
 * Level 6.0 Ice Magic
 * Level 2.7 Invocations


You had 4 spell levels left.
You knew the following spells:

 Your Spells              Type           Power        Failure   Level  Hunger
a - Freeze                Ice            ###.         1%          1    None
b - Ozocubu's Armour      Chrm/Ice       ###.....     4%          3    ###....
c - Throw Icicle          Conj/Ice       ###.....     13%         4    ####...


Dungeon Overview and Level Annotations

Branches:
Dungeon (5/15)
 Temple: D:4-7

Altars:
Ashenzari
Gozag
Makhleb
Nemelex Xobeh
Ru
Uskayaw
The Shining One

Annotations:
D:3 ThereIsNoGod's ghost, amateur TrMo
D:4 Prince Ribbit


Innate Abilities, Weirdness & Mutations

You can breathe wild blasts of lightning.
Your glossy black scales are hard. (AC +6)
You cannot fit into any form of body armour.
You are resistant to electric shocks. (rElec)
You are cold-blooded and may be slowed by cold attacks.
Your mind is acute. (Int +2)


Message History

It was a potion of berserk rage.
A red film seems to cover your vision as you go berserk!
You feel yourself moving faster!
You feel mighty!
* * * LOW HITPOINT WARNING * * *
You feel sick. The killer bee closely misses you.
You miss the killer bee.
The killer bee is lightly wounded.
* * * LOW HITPOINT WARNING * * *
You feel sick. The killer bee completely misses you.
The killer bee stings you but does no damage.
You completely miss the killer bee.
The killer bee is lightly wounded.
* * * LOW HITPOINT WARNING * * *
You feel sick. The killer bee closely misses you.
You are too berserk!
You are too berserk!
You puncture the killer bee! You freeze the killer bee.
You kill the killer bee!
You die...
Your body glows slightly and disappears.

#..##.###.####..##.##..
#.......#.# ##.##.##.#
#...###.#.#####..#.#.[#
#...# #.........#...#..
#.#.###.#.####..##.##..
#.#[....#.# #.........
##.###.###.####.........
#...##.###..............
#......@†..####.######..
#...##.###.# #.# ##.
######.# #.# #.# #.
#.###.# #.# #.
#.##..####.# #.
#.#8..8#...#######.
##.................
#...>..#..#######.
##8..8#........<..


There were no monsters in sight!

Vanquished Creatures
  A scorpion (D:4)
  4 killer bees (D:4)
  A howler monkey (D:4)
  A hound (D:4)
  An orc wizard (D:4)
  7 adders
  A shadow imp (D:3)
  An ooze (D:3)
  2 worms
  3 dart slugs
  5 leopard geckos
  6 orcs
  7 giant cockroaches
  13 goblins
  4 hobgoblins
  3 quokkas
  7 bats
  2 frilled lizards
  14 kobolds
  6 rats
89 creatures vanquished.

Vanquished Creatures (collateral kills)
  Grinder (D:4)
1 creature vanquished.

Grand Total: 90 creatures vanquished

Notes
Turn   | Place    | Note
-------+----------+-------------------------------------------
     0 | D:1      | Inarius the Draconian Ice Elementalist began the quest for the Orb.
     0 | D:1      | Reached XP level 1. HP: 14/14 MP: 3/3
   220 | D:1      | Reached XP level 2. HP: 19/20 MP: 1/5
   751 | D:2      | Reached XP level 3. HP: 26/26 MP: 1/6
   814 | D:2      | Learned a level 3 spell: Ozocubu's Armour
   911 | D:2      | Reached skill level 4 in Ice Magic
  1938 | D:3      | Noticed ThereIsNoGod's ghost (amateur TrMo)
  1986 | D:3      | Found a sparkling altar of Nemelex Xobeh.
  1986 | D:3      | Found a burning altar of Makhleb.
  1986 | D:3      | Noticed Grinder
  2018 | D:3      | Reached XP level 4. HP: 33/33 MP: 7/7
  2384 | D:3      | Became a worshipper of Nemelex Xobeh the Trickster
  2427 | D:3      | Noticed a hand axe
  2432 | D:3      | Noticed a dagger
  2433 | D:3      | Received a gift from Nemelex Xobeh
  2448 | D:3      | Found a hide-covered altar of Uskayaw.
  2658 | D:3      | Learned a level 4 spell: Throw Icicle
  2658 | D:3      | Found a glowing golden altar of the Shining One.
  2667 | D:3      | Reached XP level 5. HP: 38/38 MP: 3/9
  2825 | D:4      | Reached skill level 5 in Ice Magic
  2831 | D:4      | Reached skill level 1 in Charms
  2951 | D:4      | Found a sacrificial altar of Ru.
  3033 | D:4      | Reached skill level 1 in Invocations
  3040 | D:4      | Reached XP level 6. HP: 32/46 MP: 6/10
  3065 | D:4      | Reached * piety under Nemelex Xobeh
  3152 | D:4      | Paralysed by Grinder for 5 turns
  3160 | D:4      | Gained mutation: You are clumsy. (Dex -2) [potion of mutation]
  3160 | D:4      | Lost mutation: You are clumsy. (Dex -2) [potion of mutation]
  3160 | D:4      | Gained mutation: Your mind is acute. (Int +2) [potion of mutation]
  3165 | D:4      | Killed Grinder
  3531 | D:4      | Received a gift from Nemelex Xobeh
  3591 | D:4      | Found an opulent altar of Gozag.
  3656 | D:4      | Found a shattered altar of Ashenzari.
  3904 | D:5      | Entered Level 5 of the Dungeon
  3904 | D:5      | Noticed Prince Ribbit
  3909 | D:4      | Got a polished short sword
  3912 | D:4      | Identified the +6 short sword "Duppick" {freeze, Str+3} (You found it on level 4 of the Dungeon)
  4313 | D:4      | Reached skill level 6 in Ice Magic
  4321 | D:4      | Reached skill level 1 in Fighting
  4321 | D:4      | Your scales start taking on a glossy black colour.
  4321 | D:4      | Reached XP level 7. HP: 16/52 MP: 12/12
  4321 | D:4      | Gained mutation: You are resistant to electric shocks. (rElec) [Black Draconian growth]
  4550 | D:4      | HP: 3/78 [poisoned by a killer bee]
  4551 | D:4      | HP: 1/78 [poisoned by a killer bee]
  4552 | D:4      | Succumbed to a killer bee's poison

Skill      XL: |  1  2  3  4  5  6 |
---------------+-------------------+-----
Ice Magic      | 4 5 6 |  6.0
Dodging        | 2 |  2.7
Charms         | 1 |  1.1
Spellcasting   | 3 |  3.4
Invocations    | 1 2 |  2.7
Fighting       | 1 |  1.0
Short Blades   | |  0.4
Stealth        | |  1.7
Conjurations   | |  1.7

Action                   |  1- 3 |  4- 6 |  7- 9 || total
-------------------------+-------+-------+-------++-------
Melee: Dagger            |    28 |    46 |       ||    74
       Unarmed           |     2 |       |       ||     2
       Short sword       |     7 |    13 |     4 ||    24
       Whip              |     1 |    48 |       ||    49
       Tailslap          |     1 |    15 |     1 ||    17
 Cast: Freeze            |    59 |    42 |       ||   101
       Ozocubu's Armour  |       |     1 |       ||     1
       Throw Icicle      |       |     3 |       ||     3
Evoke: Deck              |       |     1 |       ||     1
  Use: Scroll            |     6 |     1 |     1 ||     8
       Potion            |       |     6 |     3 ||     9
 Stab: Sleeping          |     2 |     3 |       ||     5
       Paralysed         |       |     1 |       ||     1
  Eat: Chunk             |     4 |     6 |       ||    10
       Ration            |       |     1 |       ||     1
Armor: Skin              |    26 |    42 |     4 ||    72
Dodge: Dodged            |    54 |   103 |    14 ||   171
